[ AOE2 MATCH · #474666139 ]
UnrankedChinese vs Armenians
[ REPLAY ANALYSIS · EXTRACTED FROM THE RECORDED GAME ]
Feudal
10:11
Castle
13:54
Imperial
34:05
| APM avg | 43.5 |
| APM peak | 99 |
| eAPM avg | 27.0 |
| Villagers / military | 136 / 97 |
Focus
⚔️ 30.3% · 🌾 69.7%
Scorpion ×38 · Fire Galley ×26 · Battering Ram ×20 · Fishing Ship ×18 · Demolition Raft ×12 · Monk ×1
Feudal
9:22
Castle
23:22
Imperial
—
| APM avg | 22.2 |
| APM peak | 64 |
| eAPM avg | 14.5 |
| Villagers / military | 89 / 11 |
Focus
⚔️ 24.7% · 🌾 75.3%
Unknown (2626) ×14 · Fire Galley ×11 · Fishing Ship ×4
Feudal
9:33
Castle
22:44
Imperial
—
| APM avg | 48.8 |
| APM peak | 101 |
| eAPM avg | 11.8 |
| Villagers / military | 60 / 57 |
Focus
⚔️ 35.0% · 🌾 65.0%
Fire Galley ×26 · Galley ×16 · Urumi Swordsman ×9 · Fishing Ship ×4 · Mangonel ×3 · Demolition Raft ×3
Feudal
8:54
Castle
25:27
Imperial
—
| APM avg | 98.0 |
| APM peak | 177 |
| eAPM avg | 53.9 |
| Villagers / military | 186 / 41 |
Focus
⚔️ 56.2% · 🌾 43.8%
Unknown (2550) ×59 · Unknown (2626) ×33 · Galley ×32 · Fishing Ship ×25 · Fire Galley ×6 · Monk ×3
Feudal
9:13
Castle
23:01
Imperial
—
| APM avg | 50.6 |
| APM peak | 98 |
| eAPM avg | 18.3 |
| Villagers / military | 94 / 99 |
Focus
⚔️ 31.5% · 🌾 68.5%
Cavalry Archer ×78 · Galley ×16 · Mangonel ×4 · Fishing Ship ×3 · Demolition Raft ×1
Feudal
8:38
Castle
18:46
Imperial
—
| APM avg | 43.7 |
| APM peak | 128 |
| eAPM avg | 26.3 |
| Villagers / military | 85 / 82 |
Focus
⚔️ 60.3% · 🌾 39.7%
Archer ×53 · Fire Galley ×13 · Fishing Ship ×7 · Plumed Archer ×7 · Unknown (2626) ×5 · Mangonel ×3
Match map
Initial resources + every placement click. Lines = walls · curves = elevation contours. ◆ gold · ⬟ stone · ● berries · ✦ relic · ◌ wall gap
Your base
CR | Arepa's base
Wazded's base· Open — unwalled flank
[OLAM] Pepe_Reloaded's base
neal's base· Open — 6t gap
[SS]andree's base
Smoothed initial terrain · ◌ = detected wall gap · hover for details
Inputs per minute
— CR | El Dani - - CR | Arepa
Build order — CR | El Dani
First 150 of 418 actions detected
| 0:01 | Research | Loom |
| 0:49 | Create | Villager (Male) |
| 0:50 | Create | Villager (Male) |
| 1:13 | Create | Villager (Male) |
| 1:31 | Create | Villager (Male) |
| 1:31 | Create | Villager (Male) |
| 1:47 | Build | Lumber Camp |
| 1:51 | Create | Villager (Male) |
| 1:51 | Create | Villager (Male) |
| 2:04 | Create | Villager (Male) |
| 2:04 | Create | Villager (Male) |
| 2:09 | Build | House |
| 3:11 | Create | Villager (Male) |
| 3:11 | Create | Villager (Male) |
| 3:29 | Create | Villager (Male) |
| 3:45 | Build | Dock |
| 3:50 | Create | Villager (Male) |
| 3:50 | Create | Villager (Male) |
| 3:55 | Build | Palisade Wall |
| 3:59 | Build | Palisade Wall |
| 4:01 | Build | Palisade Wall |
| 4:09 | Create | Villager (Male) |
| 4:09 | Create | Villager (Male) |
| 4:14 | Build | House |
| 4:40 | Create | Fishing Ship |
| 4:41 | Create | Fishing Ship |
| 4:49 | Create | Villager (Male) |
| 4:49 | Create | Villager (Male) |
| 5:11 | Create | Fishing Ship |
| 5:21 | Build | House |
| 5:56 | Create | Villager (Male) |
| 5:56 | Create | Villager (Male) |
| 6:03 | Create | Fishing Ship |
| 6:39 | Create | Villager (Male) |
| 6:40 | Create | Villager (Male) |
| 7:14 | Build | Mill |
| 7:19 | Create | Villager (Male) |
| 7:45 | Research | Feudal Age |
| 7:51 | Build | Mining Camp |
| 9:10 | Build | Dock |
| 9:20 | Build | Palisade Wall |
| 9:22 | Build | Palisade Wall |
| 10:11 | Age | Feudal Age |
| 10:13 | Create | Villager (Male) |
| 10:19 | Build | Blacksmith |
| 10:26 | Build | Market |
| 10:36 | Create | Villager (Male) |
| 10:42 | Build | House |
| 10:49 | Research | Town Watch |
| 10:49 | Research | Town Watch |
| 11:09 | Research | Castle Age |
| 11:09 | Research | Castle Age |
| 11:31 | Build | Palisade Wall |
| 11:32 | Build | Palisade Wall |
| 11:41 | Build | Palisade Wall |
| 11:46 | Build | Palisade Wall |
| 12:01 | Build | Lumber Camp |
| 12:02 | Research | Double-Bit Axe |
| 12:02 | Research | Double-Bit Axe |
| 12:17 | Create | Fire Galley |
| 12:30 | Create | Villager (Male) |
| 12:56 | Build | Palisade Wall |
| 13:10 | Create | Fire Galley |
| 13:11 | Create | Fire Galley |
| 13:29 | Build | House |
| 13:54 | Age | Castle Age |
| 13:54 | Build | Farm |
| 13:55 | Build | Farm |
| 13:55 | Build | Farm |
| 13:57 | Create | Fire Galley |
| 13:57 | Create | Fire Galley |
| 14:05 | Create | Villager (Male) |
| 14:23 | Create | Villager (Male) |
| 14:30 | Build | Town Center |
| 15:05 | Research | Tech 905 |
| 15:05 | Research | Tech 905 |
| 15:20 | Create | Villager (Male) |
| 15:24 | Research | War Galley (upgrade) |
| 15:35 | Build | House |
| 15:41 | Create | Villager (Male) |
| 15:43 | Create | Villager (Male) |
| 15:57 | Create | Villager (Male) |
| 16:12 | Create | Villager (Male) |
| 16:18 | Build | Dock |
| 16:22 | Build | House |
| 16:23 | Create | Villager (Male) |
| 16:24 | Create | Villager (Male) |
| 16:28 | Build | Farm |
| 16:29 | Build | Farm |
| 16:52 | Create | Villager (Male) |
| 16:54 | Create | Fire Galley |
| 16:54 | Create | Fire Galley |
| 16:54 | Create | Fire Galley |
| 17:11 | Create | Fire Galley |
| 17:11 | Create | Fire Galley |
| 17:14 | Create | Villager (Male) |
| 17:14 | Create | Villager (Male) |
| 17:15 | Create | Villager (Male) |
| 17:15 | Create | Villager (Male) |
| 17:17 | Build | Farm |
| 17:33 | Create | Fire Galley |
| 17:33 | Create | Fire Galley |
| 17:34 | Create | Fire Galley |
| 17:39 | Build | House |
| 17:46 | Build | Farm |
| 17:47 | Create | Villager (Male) |
| 17:47 | Create | Villager (Male) |
| 17:47 | Create | Villager (Male) |
| 18:19 | Create | Fire Galley |
| 18:19 | Create | Fire Galley |
| 18:19 | Create | Fire Galley |
| 18:19 | Create | Fire Galley |
| 18:21 | Create | Villager (Male) |
| 18:21 | Create | Villager (Male) |
| 18:21 | Create | Villager (Male) |
| 18:24 | Build | Farm |
| 18:38 | Build | House |
| 18:39 | Create | Villager (Male) |
| 18:47 | Research | Bow Saw |
| 18:47 | Research | Bow Saw |
| 19:06 | Create | Fire Galley |
| 19:07 | Create | Fire Galley |
| 19:07 | Create | Fire Galley |
| 19:07 | Create | Fire Galley |
| 19:09 | Create | Villager (Male) |
| 19:09 | Create | Villager (Male) |
| 19:09 | Create | Villager (Male) |
| 19:14 | Build | Farm |
| 19:15 | Build | Farm |
| 19:45 | Create | Villager (Male) |
| 19:46 | Create | Villager (Male) |
| 20:03 | Build | Farm |
| 20:05 | Create | Villager (Male) |
| 20:09 | Build | Dock |
| 20:25 | Create | Villager (Male) |
| 20:25 | Create | Villager (Male) |
| 20:32 | Build | Town Center |
| 20:36 | Create | Demolition Raft |
| 20:37 | Create | Demolition Raft |
| 20:37 | Create | Demolition Raft |
| 20:37 | Create | Demolition Raft |
| 20:41 | Create | Fishing Ship ×5 |
| 20:45 | Research | Tech 906 |
| 21:00 | Build | Dock |
| 21:05 | Create | Demolition Raft |
| 21:08 | Create | Fishing Ship |
| 21:15 | Create | Villager (Male) |
| 21:20 | Build | House |
| 21:21 | Build | House |
| 21:24 | Create | Villager (Male) |
Build order — CR | Arepa
First 150 of 214 actions detected
| 0:00 | Create | Villager (Male) |
| 0:01 | Create | Villager (Male) |
| 0:01 | Create | Villager (Male) |
| 0:02 | Build | House |
| 0:05 | Research | Loom |
| 0:07 | Build | House |
| 0:18 | Create | Villager (Male) |
| 0:18 | Create | Villager (Male) |
| 0:19 | Create | Villager (Male) |
| 0:19 | Create | Villager (Male) |
| 0:19 | Create | Villager (Male) |
| 1:11 | Create | Villager (Male) |
| 1:25 | Build | Mule Cart |
| 1:55 | Create | Villager (Male) |
| 2:09 | Create | Villager (Male) |
| 2:09 | Create | Villager (Male) |
| 3:06 | Build | House |
| 3:07 | Build | House |
| 3:16 | Create | Villager (Male) |
| 3:42 | Create | Villager (Male) |
| 4:13 | Create | Villager (Male) |
| 4:16 | Build | Mill |
| 4:29 | Create | Villager (Male) |
| 4:58 | Create | Villager (Male) |
| 5:22 | Create | Villager (Male) |
| 5:53 | Create | Villager (Male) |
| 6:22 | Create | Villager (Male) |
| 6:36 | Build | House |
| 6:37 | Create | Villager (Male) |
| 6:45 | Build | Dock |
| 7:04 | Research | Feudal Age |
| 7:24 | Build | Mule Cart |
| 7:37 | Create | Fishing Ship |
| 8:51 | Create | Villager (Male) |
| 8:56 | Build | Dock |
| 9:22 | Age | Feudal Age |
| 9:24 | Build | Blacksmith |
| 9:32 | Build | Market |
| 9:42 | Create | Villager (Male) |
| 9:51 | Create | Fishing Ship |
| 9:51 | Create | Fishing Ship |
| 10:10 | Create | Villager (Male) |
| 10:27 | Build | Palisade Wall |
| 10:28 | Build | Palisade Wall |
| 10:30 | Build | Palisade Wall |
| 10:32 | Build | Palisade Wall |
| 10:38 | Create | Villager (Male) |
| 11:02 | Create | Villager (Male) |
| 11:06 | Create | Fishing Ship |
| 11:11 | Build | Dock |
| 11:29 | Create | Villager (Male) |
| 11:49 | Create | Villager (Male) |
| 12:14 | Create | Villager (Male) |
| 12:18 | Create | Unit 2626 |
| 12:20 | Create | Villager (Male) |
| 12:28 | Build | Dock |
| 12:29 | Create | Villager (Male) |
| 12:49 | Build | House |
| 13:00 | Create | Unit 2626 |
| 13:00 | Create | Unit 2626 |
| 13:00 | Create | Villager (Male) |
| 13:31 | Create | Unit 2626 |
| 13:53 | Create | Unit 2626 |
| 13:53 | Create | Unit 2626 |
| 13:57 | Build | Farm |
| 13:59 | Build | Farm |
| 14:03 | Build | Farm |
| 14:06 | Create | Villager (Male) |
| 14:22 | Build | Mule Cart |
| 14:24 | Build | House |
| 14:26 | Build | Palisade Wall |
| 14:27 | Create | Villager (Male) |
| 14:47 | Create | Villager (Male) |
| 15:03 | Create | Villager (Male) |
| 15:07 | Create | Fire Galley |
| 15:07 | Create | Unit 2626 |
| 15:27 | Create | Fire Galley |
| 15:31 | Build | Farm |
| 15:32 | Build | Farm |
| 15:34 | Build | Farm |
| 15:53 | Create | Villager (Male) |
| 15:54 | Create | Villager (Male) |
| 15:57 | Build | Farm |
| 16:04 | Create | Fire Galley |
| 16:14 | Create | Villager (Male) |
| 16:21 | Build | House |
| 16:27 | Build | Palisade Wall |
| 16:28 | Create | Villager (Male) |
| 16:37 | Build | Farm |
| 16:38 | Build | Farm |
| 16:41 | Build | Farm |
| 16:43 | Build | Farm |
| 16:44 | Create | Villager (Male) |
| 16:59 | Create | Fire Galley ×2 |
| 17:09 | Create | Villager (Male) |
| 17:13 | Build | Farm |
| 17:17 | Build | House |
| 17:41 | Create | Villager (Male) |
| 17:52 | Create | Fire Galley |
| 17:53 | Create | Unit 2626 |
| 18:01 | Create | Villager (Male) |
| 18:04 | Build | Farm |
| 18:04 | Build | Farm |
| 18:07 | Research | Double-Bit Axe |
| 18:07 | Research | Double-Bit Axe |
| 18:27 | Create | Villager (Male) |
| 18:30 | Build | Farm |
| 18:32 | Build | Farm |
| 18:40 | Create | Fire Galley |
| 18:42 | Create | Villager (Male) |
| 18:58 | Create | Fire Galley ×2 |
| 19:15 | Create | Fire Galley |
| 19:17 | Create | Villager (Male) |
| 19:46 | Create | Villager (Male) |
| 19:48 | Build | Market |
| 19:58 | Create | Fire Galley |
| 20:23 | Create | Unit 2626 |
| 20:23 | Create | Unit 2626 |
| 20:42 | Research | Castle Age |
| 21:21 | Create | Unit 2626 ×2 |
| 21:25 | Research | Gold Mining |
| 21:25 | Research | Gold Mining |
| 21:32 | Build | Mule Cart |
| 21:38 | Create | Unit 2626 |
| 21:39 | Create | Unit 2626 |
| 22:04 | Create | Villager (Male) |
| 22:14 | Create | Villager (Male) |
| 22:34 | Create | Villager (Male) |
| 23:22 | Age | Castle Age |
| 23:28 | Build | Town Center |
| 23:31 | Build | Town Center |
| 23:34 | Build | Town Center |
| 23:38 | Create | Villager (Male) |
| 23:43 | Build | House |
| 23:48 | Research | Wheelbarrow |
| 23:54 | Build | Farm |
| 23:58 | Research | Bow Saw |
| 23:59 | Research | Bow Saw |
| 24:00 | Create | Villager (Male) |
| 24:02 | Create | Villager (Male) |
| 24:17 | Create | Villager (Male) |
| 24:21 | Build | House |
| 24:25 | Build | House |
| 24:25 | Build | House |
| 24:25 | Build | House |
| 24:25 | Build | House |
| 24:26 | Build | House |
| 24:26 | Build | House |
| 24:28 | Create | Villager (Male) |
| 24:41 | Build | Monastery |
Build order — Wazded
First 150 of 156 actions detected
| 0:02 | Create | Villager (Male) |
| 0:02 | Create | Villager (Male) |
| 0:02 | Create | Villager (Male) |
| 0:02 | Create | Villager (Male) |
| 0:04 | Build | House |
| 0:06 | Build | House |
| 0:08 | Research | Loom |
| 0:09 | Create | Villager (Male) ×4 |
| 1:02 | Create | Villager (Male) |
| 1:02 | Create | Villager (Male) |
| 1:28 | Build | Lumber Camp |
| 1:33 | Create | Villager (Male) |
| 2:03 | Create | Villager (Male) |
| 2:03 | Create | Villager (Male) |
| 2:18 | Create | Villager (Male) |
| 2:33 | Create | Villager (Male) |
| 2:33 | Create | Villager (Male) |
| 2:57 | Create | Villager (Male) |
| 3:07 | Build | House |
| 3:13 | Create | Villager (Male) |
| 3:13 | Create | Villager (Male) |
| 4:11 | Create | Villager (Male) |
| 4:11 | Create | Villager (Male) |
| 4:12 | Create | Villager (Male) |
| 4:29 | Build | Dock |
| 4:50 | Build | House |
| 4:59 | Create | Villager (Male) |
| 5:00 | Create | Villager (Male) |
| 5:00 | Create | Villager (Male) |
| 5:00 | Create | Villager (Male) |
| 5:09 | Create | Fishing Ship |
| 6:12 | Create | Fishing Ship |
| 6:14 | Build | House |
| 6:24 | Create | Villager (Male) |
| 6:58 | Build | Dock |
| 7:23 | Research | Feudal Age |
| 8:13 | Build | Mining Camp |
| 8:25 | Build | Dock |
| 8:56 | Create | Fishing Ship |
| 8:56 | Create | Fishing Ship |
| 9:33 | Age | Feudal Age |
| 9:38 | Create | Galley |
| 9:39 | Create | Galley |
| 9:39 | Create | Galley |
| 9:43 | Build | Blacksmith |
| 10:03 | Create | Villager (Male) |
| 10:03 | Create | Villager (Male) |
| 10:03 | Create | Villager (Male) |
| 10:14 | Create | Galley ×2 |
| 10:14 | Create | Galley ×2 |
| 10:40 | Create | Galley |
| 10:44 | Research | Fletching |
| 11:02 | Create | Villager (Male) |
| 11:03 | Create | Villager (Male) |
| 11:03 | Create | Villager (Male) |
| 11:13 | Create | Galley |
| 11:37 | Build | Lumber Camp |
| 11:56 | Create | Galley |
| 13:42 | Create | Villager (Male) |
| 13:42 | Create | Villager (Male) |
| 13:42 | Create | Villager (Male) |
| 14:13 | Create | Galley |
| 14:13 | Create | Galley |
| 14:14 | Create | Galley |
| 14:56 | Create | Villager (Male) |
| 14:56 | Create | Villager (Male) |
| 14:57 | Create | Villager (Male) |
| 15:09 | Build | Mill |
| 15:24 | Build | House |
| 15:25 | Build | House |
| 15:30 | Build | House |
| 16:01 | Create | Demolition Raft |
| 16:01 | Create | Demolition Raft |
| 16:05 | Create | Villager (Male) |
| 16:05 | Create | Villager (Male) |
| 16:06 | Create | Villager (Male) |
| 16:56 | Create | Villager (Male) |
| 16:56 | Create | Villager (Male) |
| 17:00 | Build | Farm |
| 17:01 | Build | Farm |
| 17:01 | Build | Farm |
| 17:02 | Build | Farm |
| 17:02 | Build | Farm |
| 17:02 | Build | Farm |
| 17:02 | Build | Farm |
| 17:03 | Build | Farm |
| 17:43 | Create | Galley |
| 17:43 | Create | Galley |
| 17:43 | Create | Galley |
| 17:50 | Create | Demolition Raft |
| 19:02 | Build | Lumber Camp |
| 19:08 | Build | Market |
| 19:14 | Create | Villager (Male) |
| 19:14 | Create | Villager (Male) |
| 20:01 | Research | Castle Age |
| 20:11 | Build | Mining Camp |
| 20:44 | Research | Stone Mining |
| 20:49 | Research | Double-Bit Axe |
| 21:17 | Build | House |
| 22:44 | Age | Castle Age |
| 22:47 | Build | Town Center |
| 22:51 | Research | Bow Saw |
| 22:56 | Research | Town Watch |
| 22:57 | Create | Villager (Male) |
| 22:57 | Create | Villager (Male) |
| 23:49 | Build | Castle |
| 23:59 | Create | Villager (Male) |
| 24:17 | Research | Bodkin Arrow |
| 24:22 | Build | Mining Camp |
| 24:45 | Build | University |
| 25:13 | Build | Dock |
| 25:28 | Build | Dock |
| 25:37 | Build | Dock |
| 25:44 | Research | Tech 908 |
| 25:45 | Research | Tech 909 |
| 25:53 | Build | Mining Camp |
| 25:56 | Create | Villager (Male) |
| 25:56 | Create | Villager (Male) |
| 26:13 | Research | War Galley (upgrade) |
| 26:15 | Create | Fire Galley |
| 26:15 | Create | Fire Galley |
| 26:16 | Create | Fire Galley |
| 26:16 | Create | Fire Galley |
| 26:16 | Create | Fire Galley |
| 26:52 | Build | Town Center |
| 27:07 | Research | Careening |
| 27:23 | Create | Fire Galley |
| 27:24 | Create | Fire Galley |
| 27:24 | Create | Fire Galley |
| 27:29 | Create | Villager (Male) |
| 27:29 | Create | Villager (Male) |
| 27:30 | Create | Villager (Male) |
| 27:30 | Create | Villager (Male) |
| 27:42 | Create | Fire Galley ×2 |
| 27:43 | Create | Fire Galley ×2 |
| 28:35 | Create | Fire Galley ×2 |
| 28:35 | Create | Fire Galley ×2 |
| 29:17 | Build | Castle |
| 29:53 | Create | Villager (Male) |
| 29:54 | Create | Villager (Male) |
| 29:54 | Create | Villager (Male) |
| 29:54 | Create | Villager (Male) |
| 29:54 | Create | Villager (Male) |
| 30:31 | Create | Fire Galley ×5 |
| 30:32 | Create | Fire Galley ×5 |
| 31:16 | Create | Urumi Swordsman ×3 |
| 31:16 | Create | Urumi Swordsman ×3 |
| 31:16 | Create | Urumi Swordsman ×3 |
| 31:23 | Build | Siege Workshop |
| 31:56 | Create | Mangonel |
Build order — [OLAM] Pepe_Reloaded
First 150 of 525 actions detected
| 0:01 | Create | Villager (Male) |
| 0:01 | Create | Villager (Male) |
| 0:01 | Create | Villager (Male) |
| 0:04 | Research | Loom |
| 0:04 | Research | Loom |
| 0:05 | Build | House |
| 0:06 | Build | House |
| 0:15 | Create | Villager (Male) |
| 0:18 | Create | Villager (Male) |
| 0:18 | Create | Villager (Male) |
| 0:25 | Create | Villager (Male) |
| 0:26 | Create | Villager (Male) |
| 1:05 | Create | Villager (Male) |
| 1:30 | Build | Settlement |
| 2:00 | Create | Villager (Male) |
| 2:19 | Create | Villager (Male) |
| 2:19 | Create | Villager (Male) |
| 2:48 | Create | Villager (Male) |
| 2:48 | Create | Villager (Male) |
| 3:13 | Create | Villager (Male) |
| 3:13 | Create | Villager (Male) |
| 3:45 | Create | Villager (Male) |
| 3:52 | Build | Dock |
| 3:53 | Create | Villager (Male) |
| 3:57 | Create | Villager (Male) |
| 3:57 | Create | Villager (Male) |
| 4:27 | Create | Villager (Male) |
| 4:27 | Create | Villager (Male) |
| 4:36 | Create | Fishing Ship |
| 4:41 | Create | Villager (Male) |
| 5:15 | Create | Villager (Male) |
| 5:17 | Build | Palisade Wall |
| 5:23 | Create | Fishing Ship |
| 5:23 | Create | Fishing Ship |
| 5:58 | Create | Villager (Male) |
| 5:58 | Create | Villager (Male) |
| 6:08 | Create | Villager (Male) |
| 6:17 | Create | Fishing Ship |
| 6:31 | Build | Palisade Wall |
| 6:44 | Research | Feudal Age |
| 6:53 | Build | Settlement |
| 7:14 | Create | Villager (Male) |
| 7:29 | Create | Fishing Ship |
| 8:19 | Build | Palisade Wall |
| 8:39 | Build | Dock |
| 8:43 | Create | Villager (Male) |
| 8:54 | Age | Feudal Age |
| 8:56 | Create | Fire Galley |
| 9:16 | Create | Fire Galley |
| 9:17 | Create | Villager (Male) |
| 9:42 | Create | Fire Galley |
| 9:51 | Create | Villager (Male) |
| 9:55 | Create | Galley |
| 10:08 | Create | Villager (Male) |
| 10:15 | Research | Double-Bit Axe |
| 10:18 | Create | Villager (Male) |
| 10:32 | Create | Galley |
| 10:32 | Create | Galley |
| 10:42 | Create | Villager (Male) |
| 11:11 | Create | Villager (Male) |
| 11:12 | Create | Galley |
| 11:13 | Create | Galley |
| 11:32 | Build | Dock |
| 11:46 | Create | Galley |
| 11:46 | Create | Galley |
| 12:08 | Create | Galley |
| 12:08 | Create | Galley |
| 12:18 | Create | Villager (Male) |
| 12:21 | Create | Villager (Male) |
| 12:22 | Create | Villager (Male) |
| 12:25 | Build | Outpost |
| 12:43 | Create | Fire Galley |
| 12:44 | Create | Fire Galley |
| 12:44 | Create | Fire Galley |
| 12:54 | Build | Blacksmith |
| 12:55 | Build | House |
| 12:56 | Build | House |
| 13:05 | Create | Villager (Male) |
| 13:14 | Research | Town Watch |
| 13:15 | Build | House |
| 13:16 | Build | House |
| 13:33 | Create | Galley |
| 13:37 | Create | Villager (Male) |
| 13:40 | Create | Villager (Male) |
| 13:49 | Create | Villager (Male) |
| 13:58 | Research | Fletching |
| 13:59 | Research | Fletching |
| 14:03 | Build | Settlement |
| 14:04 | Create | Villager (Male) |
| 14:13 | Create | Villager (Male) |
| 14:20 | Build | Dock |
| 14:24 | Build | House |
| 14:40 | Create | Villager (Male) |
| 14:40 | Create | Villager (Male) |
| 14:49 | Research | Horse Collar |
| 14:50 | Research | Horse Collar |
| 14:52 | Create | Galley |
| 14:52 | Create | Galley |
| 15:09 | Create | Villager (Male) |
| 15:16 | Create | Unit 2626 |
| 15:18 | Create | Galley |
| 15:18 | Create | Galley |
| 15:18 | Create | Galley |
| 15:22 | Build | House |
| 15:23 | Create | Villager (Male) |
| 15:29 | Create | Villager (Male) |
| 15:46 | Create | Galley |
| 15:46 | Create | Galley |
| 15:46 | Create | Galley |
| 15:54 | Create | Villager (Male) |
| 16:11 | Create | Galley |
| 16:12 | Create | Galley |
| 16:16 | Build | House |
| 16:17 | Build | Outpost |
| 16:18 | Build | Outpost |
| 16:20 | Create | Villager (Male) |
| 16:31 | Create | Unit 2626 |
| 16:31 | Create | Unit 2626 |
| 16:34 | Create | Unit 2626 |
| 16:34 | Create | Unit 2626 |
| 16:38 | Create | Galley |
| 16:38 | Create | Galley |
| 16:40 | Create | Galley |
| 17:01 | Create | Villager (Male) |
| 17:03 | Build | Farm |
| 17:03 | Build | Farm |
| 17:04 | Build | Farm |
| 17:17 | Build | House |
| 17:31 | Build | Barracks |
| 17:52 | Create | Galley |
| 17:52 | Create | Galley |
| 17:52 | Create | Galley |
| 17:53 | Create | Villager (Male) |
| 17:59 | Build | Farm |
| 18:26 | Create | Unit 2626 |
| 18:26 | Create | Unit 2626 |
| 18:31 | Create | Villager (Male) |
| 18:48 | Create | Villager (Male) |
| 18:57 | Build | Barracks |
| 19:04 | Build | Farm |
| 19:06 | Build | Farm |
| 19:06 | Build | Farm |
| 19:06 | Build | Farm |
| 19:07 | Build | Farm |
| 19:07 | Build | Farm |
| 19:07 | Build | Farm |
| 19:12 | Create | Villager (Male) |
| 19:12 | Create | Villager (Male) |
| 19:14 | Build | Settlement |
| 19:25 | Create | Fishing Ship |
Build order — neal
First 150 of 301 actions detected
| 0:02 | Build | House |
| 0:03 | Build | House |
| 0:03 | Create | Villager (Male) |
| 0:03 | Create | Villager (Male) |
| 0:03 | Create | Villager (Male) |
| 0:04 | Create | Villager (Male) |
| 1:17 | Create | Villager (Male) |
| 1:25 | Build | Lumber Camp |
| 1:27 | Create | Villager (Male) |
| 1:51 | Create | Villager (Male) |
| 1:51 | Create | Villager (Male) |
| 2:38 | Create | Villager (Male) |
| 2:38 | Create | Villager (Male) |
| 2:44 | Create | Villager (Male) |
| 2:55 | Build | House |
| 3:12 | Create | Villager (Male) |
| 3:26 | Create | Villager (Male) |
| 4:08 | Build | House |
| 4:12 | Create | Villager (Male) |
| 4:12 | Create | Villager (Male) |
| 4:19 | Create | Villager (Male) |
| 4:30 | Create | Villager (Male) |
| 4:35 | Build | Dock |
| 4:43 | Build | House |
| 4:53 | Create | Villager (Male) |
| 4:53 | Create | Villager (Male) |
| 4:54 | Create | Villager (Male) |
| 5:20 | Build | Palisade Wall |
| 5:54 | Build | House |
| 5:56 | Build | Palisade Wall |
| 6:20 | Build | Building 796 |
| 6:43 | Build | Mining Camp |
| 6:52 | Build | Palisade Wall |
| 6:59 | Research | Feudal Age |
| 7:06 | Build | House |
| 7:55 | Build | House |
| 7:55 | Build | House |
| 8:09 | Create | Villager (Male) |
| 8:14 | Create | Fishing Ship |
| 8:45 | Create | Villager (Male) |
| 8:45 | Create | Villager (Male) |
| 9:13 | Age | Feudal Age |
| 9:14 | Create | Galley |
| 9:28 | Research | Double-Bit Axe |
| 9:40 | Build | Dock |
| 9:42 | Create | Villager (Male) |
| 10:06 | Create | Galley |
| 10:33 | Create | Galley |
| 10:44 | Build | Building 796 |
| 10:49 | Build | Building 800 |
| 10:57 | Build | Palisade Gate |
| 11:05 | Create | Villager (Male) |
| 11:05 | Create | Villager (Male) |
| 11:06 | Create | Villager (Male) |
| 11:11 | Research | Loom |
| 11:30 | Create | Villager (Male) |
| 11:30 | Create | Villager (Male) |
| 11:32 | Build | Blacksmith |
| 11:51 | Build | Mill |
| 12:11 | Create | Galley |
| 12:12 | Create | Galley |
| 12:28 | Research | Fletching |
| 12:30 | Create | Villager (Male) |
| 12:37 | Create | Galley |
| 12:38 | Create | Galley |
| 13:02 | Create | Galley |
| 13:03 | Create | Galley |
| 13:42 | Create | Villager (Male) |
| 13:42 | Create | Villager (Male) |
| 13:43 | Create | Villager (Male) |
| 14:20 | Build | Farm |
| 14:20 | Create | Villager (Male) |
| 14:43 | Build | Farm |
| 14:44 | Create | Villager (Male) |
| 14:44 | Create | Villager (Male) |
| 14:46 | Build | Farm |
| 14:51 | Create | Demolition Raft |
| 14:58 | Create | Fishing Ship |
| 14:58 | Create | Fishing Ship |
| 15:01 | Build | Farm |
| 15:07 | Create | Galley |
| 15:07 | Create | Galley |
| 15:41 | Build | Farm |
| 15:56 | Build | Lumber Camp |
| 15:57 | Build | House |
| 16:05 | Create | Galley |
| 16:06 | Create | Galley |
| 16:43 | Create | Villager (Male) |
| 16:43 | Create | Villager (Male) |
| 16:52 | Build | Farm |
| 16:52 | Build | Farm |
| 16:53 | Create | Villager (Male) |
| 16:53 | Create | Villager (Male) |
| 17:09 | Create | Galley |
| 17:09 | Create | Galley |
| 17:09 | Create | Galley |
| 18:02 | Build | Farm |
| 18:02 | Build | Farm |
| 18:02 | Create | Villager (Male) |
| 18:03 | Create | Villager (Male) |
| 18:49 | Build | Farm |
| 18:52 | Build | Farm |
| 19:10 | Build | Market |
| 19:12 | Build | Farm |
| 19:12 | Create | Villager (Male) |
| 19:32 | Build | Farm |
| 19:38 | Build | Mill |
| 19:38 | Build | Farm |
| 19:39 | Build | Farm |
| 19:43 | Build | Farm |
| 19:44 | Create | Villager (Male) |
| 20:06 | Build | Outpost |
| 20:21 | Research | Castle Age |
| 20:23 | Build | Barracks |
| 21:04 | Research | Gold Mining |
| 21:20 | Build | Archery Range |
| 21:23 | Build | Archery Range |
| 21:29 | Research | Padded Archer Armor |
| 21:48 | Build | House |
| 21:48 | Build | House |
| 21:54 | Build | House |
| 22:10 | Build | Archery Range |
| 22:52 | Build | House |
| 23:01 | Age | Castle Age |
| 23:04 | Create | Cavalry Archer |
| 23:04 | Create | Cavalry Archer |
| 23:05 | Create | Cavalry Archer |
| 23:05 | Create | Cavalry Archer |
| 23:06 | Create | Cavalry Archer |
| 23:06 | Create | Cavalry Archer |
| 23:10 | Build | University |
| 23:12 | Build | Stable |
| 23:16 | Create | Villager (Male) |
| 23:16 | Create | Villager (Male) |
| 23:16 | Create | Villager (Male) |
| 23:16 | Create | Villager (Male) |
| 23:17 | Create | Villager (Male) |
| 23:34 | Research | Bodkin Arrow |
| 23:59 | Create | Villager (Male) |
| 24:08 | Research | Husbandry |
| 24:17 | Create | Cavalry Archer |
| 24:18 | Create | Cavalry Archer |
| 24:18 | Create | Cavalry Archer |
| 24:26 | Create | Villager (Male) |
| 24:26 | Create | Villager (Male) |
| 24:47 | Create | Villager (Male) |
| 24:47 | Create | Villager (Male) |
| 24:49 | Create | Cavalry Archer |
| 24:49 | Create | Cavalry Archer |
| 24:50 | Create | Cavalry Archer |
Build order — [SS]andree
First 150 of 236 actions detected
| 0:02 | Build | House |
| 0:03 | Create | Villager (Male) |
| 0:03 | Create | Villager (Male) |
| 0:03 | Create | Villager (Male) |
| 0:04 | Build | House |
| 0:51 | Build | Lumber Camp |
| 1:00 | Create | Villager (Male) |
| 1:00 | Create | Villager (Male) |
| 1:24 | Create | Villager (Male) |
| 1:41 | Create | Villager (Male) |
| 1:41 | Create | Villager (Male) |
| 2:23 | Create | Villager (Male) |
| 2:24 | Create | Villager (Male) |
| 2:46 | Create | Villager (Male) |
| 2:51 | Create | Villager (Male) |
| 3:17 | Research | Loom |
| 3:21 | Build | House |
| 3:23 | Create | Villager (Male) |
| 3:24 | Create | Villager (Male) |
| 3:26 | Create | Villager (Male) |
| 3:26 | Create | Villager (Male) |
| 3:34 | Build | Dock |
| 4:50 | Create | Fishing Ship |
| 5:02 | Build | House |
| 5:31 | Create | Villager (Male) |
| 5:35 | Create | Fishing Ship |
| 5:49 | Create | Fishing Ship |
| 6:03 | Create | Villager (Male) |
| 6:04 | Create | Villager (Male) |
| 6:25 | Research | Feudal Age |
| 6:33 | Build | Mining Camp |
| 6:48 | Create | Fishing Ship |
| 7:25 | Create | Villager (Male) |
| 7:38 | Create | Fishing Ship |
| 7:42 | Build | House |
| 8:28 | Build | Dock |
| 8:38 | Age | Feudal Age |
| 8:42 | Create | Villager (Male) |
| 9:01 | Research | Tech 906 |
| 9:16 | Build | House |
| 9:18 | Build | House |
| 9:24 | Create | Villager (Male) |
| 9:33 | Create | Villager (Male) |
| 9:40 | Research | Double-Bit Axe |
| 9:50 | Create | Fire Galley |
| 9:58 | Create | Villager (Male) |
| 10:39 | Create | Villager (Male) |
| 10:43 | Create | Unit 2626 ×2 |
| 11:24 | Create | Unit 2626 ×2 |
| 11:29 | Build | House |
| 11:40 | Create | Villager (Male) |
| 11:41 | Create | Villager (Male) |
| 12:08 | Create | Fire Galley |
| 12:24 | Build | House |
| 12:24 | Build | House |
| 12:38 | Create | Fire Galley ×3 |
| 12:52 | Create | Fire Galley |
| 13:13 | Create | Villager (Male) |
| 13:13 | Create | Villager (Male) |
| 13:23 | Build | Dock |
| 13:54 | Create | Villager (Male) |
| 14:02 | Build | Mill |
| 14:29 | Create | Villager (Male) |
| 14:35 | Build | Market |
| 14:37 | Create | Villager (Male) |
| 15:03 | Create | Trade Cog ×2 |
| 15:29 | Build | Blacksmith |
| 15:31 | Create | Villager (Male) |
| 15:31 | Create | Villager (Male) |
| 15:44 | Create | Villager (Male) |
| 15:49 | Build | House |
| 15:53 | Build | House |
| 15:54 | Build | House |
| 16:03 | Research | Castle Age |
| 16:17 | Research | Fletching |
| 16:24 | Research | Gold Mining |
| 17:09 | Create | Fire Galley ×4 |
| 17:15 | Build | Dock |
| 17:18 | Create | Villager (Male) |
| 18:08 | Build | Barracks |
| 18:15 | Create | Fire Galley ×3 |
| 18:31 | Build | Lumber Camp |
| 18:46 | Age | Castle Age |
| 18:51 | Research | War Galley (upgrade) |
| 19:05 | Research | Gillnets |
| 19:23 | Build | Town Center |
| 19:25 | Create | Villager (Male) |
| 19:25 | Create | Villager (Male) |
| 19:29 | Build | Farm |
| 20:04 | Build | Farm |
| 20:08 | Build | Farm |
| 20:21 | Build | Farm |
| 20:27 | Create | Fishing Ship ×2 |
| 20:29 | Create | Villager (Male) |
| 20:29 | Create | Villager (Male) |
| 20:29 | Create | Villager (Male) |
| 21:06 | Build | Farm |
| 21:09 | Build | Farm |
| 21:09 | Build | Farm |
| 21:12 | Create | Villager (Male) |
| 21:18 | Create | Villager (Male) |
| 21:53 | Build | Archery Range |
| 21:54 | Build | Archery Range |
| 22:09 | Create | Villager (Male) |
| 22:11 | Create | Villager (Male) |
| 22:15 | Build | Farm |
| 22:15 | Build | Farm |
| 22:25 | Create | Villager (Male) |
| 22:34 | Research | Horse Collar |
| 22:35 | Research | Horse Collar |
| 22:41 | Research | Bodkin Arrow |
| 22:50 | Build | Farm |
| 22:51 | Create | Villager (Male) |
| 22:58 | Create | Archer |
| 23:11 | Create | Villager (Male) |
| 23:12 | Create | Villager (Male) |
| 23:31 | Build | Archery Range |
| 23:34 | Create | Archer |
| 23:47 | Create | Villager (Male) |
| 23:48 | Create | Villager (Male) |
| 24:06 | Create | Archer |
| 24:07 | Create | Archer |
| 24:24 | Build | Siege Workshop |
| 24:25 | Create | Archer |
| 24:26 | Create | Archer |
| 24:38 | Research | Crossbowman (upgrade) |
| 24:41 | Create | Archer |
| 24:42 | Create | Archer |
| 24:43 | Create | Villager (Male) |
| 24:47 | Build | House |
| 24:48 | Build | House |
| 24:49 | Build | House |
| 24:50 | Build | House |
| 24:51 | Build | House |
| 24:52 | Create | Villager (Male) |
| 24:52 | Create | Villager (Male) |
| 25:07 | Create | Villager (Male) |
| 25:20 | Create | Villager (Male) |
| 25:20 | Create | Villager (Male) |
| 25:20 | Create | Villager (Male) |
| 25:30 | Build | Lumber Camp |
| 25:31 | Create | Villager (Male) |
| 25:34 | Create | Mangonel |
| 25:38 | Create | Archer |
| 25:39 | Create | Archer |
| 25:53 | Build | Farm |
| 25:59 | Create | Unit 2626 |
| 26:18 | Create | Archer |
| 26:19 | Create | Archer |
| 26:20 | Create | Archer |
Match timeline
| 3:34 | [SS]andree · first_building Dock |
| 3:45 | CR | El Dani · first_building Dock |
| 3:52 | [OLAM] Pepe_Reloaded · first_building Dock |
| 3:55 | CR | El Dani · wall_segment Palisade Wall x1 |
| 3:59 | CR | El Dani · wall_segment Palisade Wall x1 |
| 4:01 | CR | El Dani · wall_segment Palisade Wall x1 |
| 4:29 | Wazded · first_building Dock |
| 4:35 | neal · first_building Dock |
| 5:17 | [OLAM] Pepe_Reloaded · wall_segment Palisade Wall x3 |
| 5:20 | neal · wall_segment Palisade Wall x5 |
| 5:56 | neal · wall_segment Palisade Wall x3 |
| 6:31 | [OLAM] Pepe_Reloaded · wall_segment Palisade Wall x6 |
| 6:45 | CR | Arepa · first_building Dock |
| 6:52 | neal · wall_segment Palisade Wall x4 |
| 8:19 | [OLAM] Pepe_Reloaded · wall_segment Palisade Wall x18 |
| 8:38 | [SS]andree · age_up feudal |
| 8:54 | [OLAM] Pepe_Reloaded · age_up feudal |
| 9:13 | neal · age_up feudal |
| 9:20 | CR | El Dani · wall_segment Palisade Wall x1 |
| 9:22 | CR | El Dani · wall_segment Palisade Wall x1 |
| 9:22 | CR | Arepa · age_up feudal |
| 9:33 | Wazded · age_up feudal |
| 10:11 | CR | El Dani · age_up feudal |
| 10:27 | CR | Arepa · wall_segment Palisade Wall x1 |
| 10:28 | CR | Arepa · wall_segment Palisade Wall x1 |
| 10:30 | CR | Arepa · wall_segment Palisade Wall x1 |
| 10:32 | CR | Arepa · wall_segment Palisade Wall x1 |
| 11:31 | CR | El Dani · wall_segment Palisade Wall x8 |
| 11:32 | CR | El Dani · wall_segment Palisade Wall x1 |
| 11:41 | CR | El Dani · wall_segment Palisade Wall x8 |
| 11:46 | CR | El Dani · wall_segment Palisade Wall x7 |
| 12:56 | CR | El Dani · wall_segment Palisade Wall x7 |
| 13:54 | CR | El Dani · age_up castle |
| 14:21 | CR | El Dani · first_market_sell 100 food |
| 14:22 | CR | El Dani · first_market_buy 100 wood |
| 14:26 | CR | Arepa · wall_segment Palisade Wall x6 |
| 16:27 | CR | Arepa · wall_segment Palisade Wall x12 |
| 17:31 | [OLAM] Pepe_Reloaded · first_building Barracks |
| 18:08 | [SS]andree · first_building Barracks |
| 18:46 | [SS]andree · age_up castle |
| 19:51 | Wazded · first_market_sell 100 wood |
| 19:52 | Wazded · first_market_buy 100 food |
| 20:15 | neal · first_market_buy 100 food |
| 20:18 | neal · first_market_sell 100 wood |
| 20:23 | neal · first_building Barracks |
| 20:25 | [OLAM] Pepe_Reloaded · first_market_buy 100 food |
| 21:20 | neal · first_building Archery Range |
| 21:53 | [SS]andree · first_building Archery Range |
| 22:03 | CR | El Dani · first_building Monastery |
| 22:31 | [SS]andree · first_market_buy 100 food |
| 22:41 | [OLAM] Pepe_Reloaded · first_market_sell 100 stone |
| 22:44 | Wazded · age_up castle |
| 23:01 | neal · age_up castle |
| 23:12 | neal · first_building Stable |
| 23:22 | CR | Arepa · age_up castle |
| 23:49 | Wazded · first_building Castle |
| 24:24 | [SS]andree · first_building Siege Workshop |
| 24:41 | CR | Arepa · first_building Monastery |
| 24:55 | CR | El Dani · first_building Siege Workshop |
| 25:27 | [OLAM] Pepe_Reloaded · age_up castle |
| 27:16 | [OLAM] Pepe_Reloaded · first_building Siege Workshop |
| 27:45 | CR | Arepa · first_market_buy 100 stone |
| 27:56 | CR | El Dani · first_building Castle |
| 28:08 | [OLAM] Pepe_Reloaded · first_building Monastery |
| 28:39 | CR | Arepa · first_building Castle |
| 30:01 | neal · first_building Siege Workshop |
| 30:20 | [SS]andree · first_building Castle |
| 30:44 | CR | Arepa · resign |
| 31:23 | Wazded · first_building Siege Workshop |
| 31:28 | neal · first_building Monastery |
| 34:05 | CR | El Dani · age_up imperial |
| 36:23 | [SS]andree · first_market_sell 100 wood |
| 39:14 | [OLAM] Pepe_Reloaded · first_building Castle |
[ AI ANALYSIS · 1 CREDIT ]
What really happened in this match?
Wolo.gg analyzes every decision: build order, eco, micro, common mistakes by bracket. Personalized analysis on WhatsApp or Discord in 30 seconds.
Civ guide
Chinese
Perfil
Jugador #5293546